 Dungeon Crawl Stone Soup version 0.29-a0-919-gd064cfad1c (webtiles) character file.

Game seed: 8258745031525944252

1989 xian the Thaumaturge (level 9, -8/39 HPs)
             Began as a Spriggan Conjurer on July 26, 2022.
             Was an Initiate of Gozag.
             Killed from afar by Maggie (11 damage)
             ... with a bolt of fire
             ... on level 7 of the Dungeon.
             The game lasted 00:23:29 (9616 turns).

xian the Thaumaturge (Spriggan Conjurer)            Turns: 9616, Time: 00:23:31

Health: -8/39      AC:  4    Str:  5    XL:     9   Next: 1%
Magic:  14/23      EV: 18    Int: 28    God:    Gozag
Gold:   173        SH:  0    Dex: 13    Spells: 15/26 levels left

rFire   + . .      SeeInvis +   h - staff of conjuration
rCold   x . .      Faith    +   (shield currently unavailable)
rNeg    . . .      Spirit   .   a - +0 robe
rPois   .          Reflect  .   i - +2 hat
rElec   .          Harm     .   (no cloak)
rCorr   .          Rampage  .   (gloves unavailable)
Will    +....                   (boots unavailable)
Stlth   +++.......              m - amulet of faith
HPRegen 0.13/turn               w - +6 ring of intelligence
MPRegen 0.18/turn               y - ring of fire

@: very quick
A: very small, no large weapons, unfitting armour, see invisible, speed 3
a: Renounce Religion, Potion Petition, Call Merchant, Bribe Branch


You were on level 7 of the Dungeon.
You worshipped Gozag.
Gozag was aware of your devotion.
You visited 2 branches of the dungeon, and saw 8 of its levels.
You also visited: Sewer.

You collected 538 gold pieces.
You spent 222 gold pieces at shops.
You paid 143 gold pieces to Gozag.

Inventory:

Hand Weapons
 f - a +3 whip of draining
Missiles
 A - a throwing net
Armour
 a - a +0 robe (worn)
 i - a +2 hat (worn)
Magical Staves
 h - a staff of conjuration (weapon)
Jewellery
 m - an amulet of faith (around neck)
 w - a +6 ring of intelligence (left hand)
 y - a ring of fire (right hand)
Wands
 c - a wand of iceblast (13)
 t - a wand of paralysis (7)
Scrolls
 d - 4 scrolls of poison
 g - a scroll of immolation
 k - 3 scrolls of brand weapon
 p - a scroll of enchant armour
 r - 2 scrolls of teleportation
 v - a scroll of summoning
Potions
 b - a potion of magic
 e - 2 potions of cancellation
 j - 3 potions of berserk rage
 l - 2 potions of mutation
 n - 4 potions of curing
 o - a potion of invisibility {unknown}
 q - 3 potions of might
 s - 3 potions of resistance
 u - a potion of haste {unknown}
 x - 2 potions of brilliance
 z - 3 potions of heal wounds
 B - 2 potions of ambrosia {unknown}


   Skills:
 + Level 0.3 Fighting
 + Level 1.5 Maces & Flails
 + Level 4.9 Dodging
 + Level 5.2 Stealth
 + Level 9.1 Spellcasting
 + Level 6.3 Conjurations
 + Level 2.2 Earth Magic
 + Level 0.1 Evocations


You had 15 spell levels left.
You knew the following spells:

 Your Spells              Type           Power      Damage    Failure   Level
a - Magic Dart            Conj           100%       1d8       1%          1
b - Searing Ray           Conj           100%       2d8       1%          2
c - Stone Arrow           Conj/Erth      100%       3d13      2%          3
d - Shock                 Conj/Air       100%       1d9       1%          1
e - Iskenderun's Mystic   Conj/Tloc      46%        2d10      12%         4

Your spell library contained the following spells:

 Spells                   Type           Power      Damage    Failure   Level
 Dazzling Flash           Conj/Hex       90%        N/A       3%          3
 Fulminant Prism          Conj/Hex       22%        3d13      12%         4
 Animate Armour           Summ/Erth      38%        N/A       28%         4
 Lehudib's Crystal Spear  Conj/Erth      26%        10d7      100%        8


Dungeon Overview and Level Annotations

Branches:
Dungeon (7/15)             Temple (1/1) D:5           Sewer (visited)

Altars:
Cheibriados
Fedhas
Gozag
Kikubaaqudgha
Makhleb
Ru
Sif Muna
Vehumet
Wu Jian
Xom
Yredelemnul
Zin
The Shining One

Shops:
D:4 !*(!

Annotations:
D:7 Maggie


Innate Abilities, Weirdness & Mutations

You are very small and have problems with some larger weapons.
You are too small for most types of armour.
You have supernaturally acute eyesight. (SInv)
You cover ground extremely quickly. (Speed+++)


Message History

Casting: Searing Ray (safe; 1% risk of failure)
Confirm with . or Enter, or press ? or * to list all spells.
Aiming: Searing Ray (safe; 1% risk of failure)
Press: ? - help, Shift-Dir - straight line, f - Maggie
Aim: Maggie, wielding a +0 morningstar and wearing +0 swamp dragon scales (asleep, 100% to hit)
You feel a surge of power!
The searing ray hits Maggie!
Maggie is lightly wounded. (Press . to maintain the ray.) Maggie casts a spell at you.
The bolt of fire hits you! You resist.
The searing ray hits Maggie.
Maggie is lightly wounded.
The searing ray hits Maggie.
Maggie is moderately wounded.
The searing ray hits Maggie.
Maggie is moderately wounded.
You finish channelling your searing ray.
Casting: Searing Ray (safe; 1% risk of failure)
Confirm with . or Enter, or press ? or * to list all spells.
Aiming: Searing Ray (safe; 1% risk of failure)
Press: ? - help, Shift-Dir - straight line, f/p - Maggie
Aim: Maggie, wielding a +0 morningstar and wearing +0 swamp dragon scales (moderately wounded, 85% to hit)
You feel a surge of power!
The searing ray hits Maggie.
Maggie is heavily wounded. (Press . to maintain the ray.) Maggie hits you with a +0 morningstar.
The searing ray hits Maggie.
Maggie is heavily wounded.
Maggie misses you.
The searing ray hits Maggie!
Maggie is severely wounded.
Maggie hits you with a +0 morningstar!!
* * * LOW HITPOINT WARNING * * *
The searing ray hits Maggie but does no damage.
Maggie is severely wounded.
You finish channelling your searing ray.
Maggie points at you and mumbles some strange words.
The bolt of fire hits you! You resist.
You die...
Your body crumbles into a pile of gold.

.#..........#
............##. $
#...$..........
#..!........#. .
#+...##............ .
##..#..##.......>##. .
#..#.#.. #..@.......
.###..#._.#. ###@.....#
...##..#.#..##........#
#...##..#..##.......#.#
#.)..##...##..#####...#
#.....## ##...# .###
#.).<.)###..#.# #
#..)....#..##.#
#.....#.#.###.#
#.....#...# #.#


You could see Maggie.

Vanquished Creatures
  Duvessa (D:6)
  A centaur (D:5)
  3 ogres
  A phantom (D:5)
  2 kobold brigands
  A gnoll sergeant (D:5)
  2 scorpions (D:4)
  Dowan (D:6)
  A howler monkey (D:6)
  2 orc priests (D:6)
  2 hounds
  4 jellies
  4 iguanas
  Ijyb (D:4)
  A gnoll bouda (D:6)
  7 orc wizards
  16 gnolls
  10 adders
  3 river rats
  A shadow imp (D:6)
  An ufetubus (D:5)
  4 worms
  13 dart slugs
  12 orcs
  9 bats
  12 endoplasms
  5 giant cockroaches
  11 hobgoblins
  2 jackals (D:1)
  3 quokkas
  18 ball pythons
  7 frilled lizards
  10 goblins
  22 kobolds
  9 rats
202 creatures vanquished.

Notes
Turn   | Place    | Note
-------+----------+-------------------------------------------
     0 | D:1      | xian the Spriggan Conjurer began the quest for the Orb.
     0 | D:1      | Reached XP level 1. HP: 9/9 MP: 5/5
   137 | D:1      | Reached XP level 2. HP: 13/13 MP: 2/6
   662 | D:1      | Learned a level 2 spell: Searing Ray
   887 | D:1      | Reached XP level 3. HP: 16/16 MP: 2/8
  1010 | D:1      | Reached skill level 3 in Spellcasting
  1129 | D:1      | Found a faded altar of an unknown god.
  2040 | D:2      | Reached XP level 4. HP: 21/21 MP: 7/10
  2321 | D:2      | Learned a level 3 spell: Stone Arrow
  3109 | D:3      | Noticed an ogre
  3112 | D:3      | Killed an ogre
  3113 | D:3      | Reached skill level 4 in Spellcasting
  3113 | D:3      | Reached XP level 5. HP: 24/24 MP: 4/12
  4014 | D:3      | Found a blossoming altar of Fedhas.
  4366 | D:3      | Found a radiant altar of Vehumet.
  4373 | D:3      | Reached skill level 5 in Spellcasting
  4373 | D:3      | Reached XP level 6. HP: 21/28 MP: 8/14
  4383 | D:3      | Got Vehumet's Octavo of Conjuration
  4394 | D:3      | Learned a level 1 spell: Shock
  4399 | D:3      | Learned a level 4 spell: Iskenderun's Mystic Blast
  4478 | D:3      | Found an ancient bone altar of Kikubaaqudgha.
  4500 | D:3      | Found a shimmering blue altar of Sif Muna.
  4727 | D:4      | Found Ewna's General Store.
  4727 | D:4      | Found Laczom's Antique Weapon Boutique.
  4752 | D:4      | Bought a scroll of vulnerability for 52 gold pieces
  4815 | D:4      | Found Igopoa's Distillery.
  4827 | D:4      | Bought a potion of brilliance for 40 gold pieces
  4827 | D:4      | Bought a potion of attraction for 30 gold pieces
  4967 | D:4      | Noticed Ijyb
  4986 | D:4      | Killed Ijyb
  4992 | D:4      | Reached skill level 1 in Maces & Flails
  5261 | D:4      | Found Gegut's Distillery.
  5269 | D:4      | Bought a potion of degeneration for 10 gold pieces
  5402 | D:4      | Reached XP level 7. HP: 32/32 MP: 11/16
  5514 | D:4      | Bought a potion of heal wounds for 50 gold pieces
  5514 | D:4      | Bought a potion of might for 40 gold pieces
  5550 | D:5      | Entered Level 5 of the Dungeon
  5583 | D:5      | Found a staircase to the Ecumenical Temple.
  5593 | Temple   | Entered the Ecumenical Temple
  5886 | D:5      | Reached skill level 6 in Spellcasting
  5886 | D:5      | Reached skill level 5 in Conjurations
  5886 | D:5      | Reached skill level 1 in Earth Magic
  6601 | D:5      | Reached XP level 8. HP: 36/36 MP: 7/19
  6645 | D:5      | Reached skill level 7 in Spellcasting
  7368 | D:6      | Found a glowing drain.
  7374 | Sewer    | Entered a sewer
  7466 | Sewer    | Reached skill level 5 in Stealth
  7914 | Sewer    | Found a viscous altar of Jiyva.
  8478 | D:6      | Reached skill level 8 in Spellcasting
  8767 | Temple   | Became a worshipper of Gozag Ym Sagoz the Greedy
  9258 | D:6      | Noticed Duvessa
  9258 | D:6      | Noticed Dowan
  9265 | D:6      | Killed Dowan
  9266 | D:6      | Reached skill level 9 in Spellcasting
  9270 | D:6      | Killed Duvessa
  9532 | D:7      | Found a glowing golden altar of the Shining One.
  9536 | D:7      | Reached XP level 9. HP: 39/39 MP: 15/23
  9607 | D:7      | Noticed Maggie
  9616 | D:7      | Killed from afar by Maggie

Illustrated notes

Levels and vault maps discovered:
D:1:      dpeg_arrival_subterranean_lakeside_camping, layout_basic,
          chequers_ecumenical_altar_simple
D:2:      minmay_general_purpose_star, layout_loops_ring, minmay_hedge_maze
D:3:      kennysheep_slugbush, layout_loops_ring, palyth_temple_overflow_mages,
          mainiacjoe_overflow_surrounded_room,
          hangedman_abyss_or_decor_lesser_grid
D:4:      layout_cave_pools, serial_shops, nicolae_stop_n_shop_1,
          nicolae_shop_advertising_works [nicolae_subvault_shop_adworks], shop,
          nicolae_stop_n_shop_2, hangedman_decor_points, uniq_ijyb
D:5:      layout_basic, minmay_temple_entry_glass
D:6:      dreamdust_elfheim, layout_gridville, lightli_sewer_entry_pipes,
          minmay_stone_trees_small
D:7:      layout_basic, tso_metal_star, hangedman_decor_clover_reticule,
          grunt_potential, uniq_maggie
Temple:   hellmonk_temple_rainy

Skill      XL: |  1  2  3  4  5  6  7  8 |
---------------+-------------------------+-----
Conjurations   | 3 4 5 6 |  6.3
Spellcasting   | 3 4 5 6 9 |  9.1
Dodging        | 3 4 |  4.9
Maces & Flails | 1 |  1.5
Earth Magic    | 1 2 |  2.2
Stealth        | 4 5 |  5.2
Fighting       | |  0.3
Evocations     | |  0.1

Action                   |  1- 3 |  4- 6 |  7- 9 || total
-------------------------+-------+-------+-------++-------
Melee: Whip              |    12 |    21 |     3 ||    36
       Punch             |       |     1 |       ||     1
       Staff             |       |       |    14 ||    14
 Cast: Magic Dart        |    82 |    98 |   136 ||   316
       Searing Ray       |     3 |    13 |    32 ||    48
       Stone Arrow       |       |     2 |    13 ||    15
       Iskenderun's Myst |       |       |     3 ||     3
Evoke: Wand              |       |     1 |       ||     1
  Use: Scroll            |       |     6 |     9 ||    15
Armor: Robe              |     2 |     6 |     6 ||    14
Dodge: Dodged            |    20 |    40 |    68 ||   128

Table legend: (Time is in decaauts)
 A = Elapsed time spent in this place.
 B = Non-inter-level travel time spent in this place.
 C = Inter-level travel time spent in this place.
 D = Time resting spent in this place.
 E = Time spent auto-exploring this place.
 F = Levels seen in this place.
 G = Mean time per level.
                   A        B        C        D        E       F      G
               +--------+--------+--------+--------+--------+-----+--------+
         Total |   7756 |   7523 |    233 |    357 |   5983 |   9 |  861.8 |
       Dungeon |   7175 |   6942 |    233 |    357 |   5526 |   7 | 1025.0 |
        Temple |     27 |     27 |      0 |      0 |      0 |   1 |   27.0 |
         Sewer |    554 |    554 |      0 |      0 |    456 |   1 |  554.0 |
               +--------+--------+--------+--------+--------+-----+--------+

Top non-repeatable levels by time:
     D:1: 1365 daAuts
     D:3: 1342 daAuts
     D:5: 1341 daAuts
     D:6: 1335 daAuts
     D:2: 1073 daAuts
     D:4: 643 daAuts
   Sewer: 554 daAuts
     D:7: 72 daAuts
  Temple: 27 daAuts
